 Dungeon Crawl Stone Soup version 0.27-a0-489-g24c7b1a3ef (webtiles) character file.

Game seed: 5539358108554165682

29 Atlas the Chiller (level 3, -1/24 HPs)
             Began as a Demonspawn Ice Elementalist on Mar 1, 2021.
             Slain by a rat (3 damage)
             ... on level 1 of the Dungeon.
             The game lasted 00:01:44 (1183 turns).

Atlas the Chiller (Demonspawn Ice Elementalist)     Turns: 1183, Time: 00:01:45

Health: -1/24      AC:  2    Str:  8    XL:     3   Next: 1%
Magic:  6/6        EV: 12    Int: 17    God:
Gold:   31         SH:  0    Dex: 13    Spells: 5/6 levels left

rFire    . . .     SeeInvis .   e - +0 short sword (speed)
rCold    . . .     Faith    .   (no shield)
rNeg     . . .     Spirit   .   a - +0 robe
rPois    .         Reflect  .   (helmet restricted)
rElec    .         Harm     .   (no cloak)
rCorr    .         Rampage  .   (no gloves)
Will     .....                  (no boots)
Stlth    ++........             (no amulet)
HPRegen  0.08/turn              (no ring)
MPRegen  0.10/turn              (no ring)

@: no status effects
A: horns 1, powered by pain 1
a: no special abilities


You were on level 1 of the Dungeon.
You visited 1 branch of the dungeon, and saw 2 of its levels.

You collected 31 gold pieces.

Inventory:

Hand Weapons
 e - a +0 short sword of speed (weapon)
Armour
 a - a +0 robe (worn)
Scrolls
 c - a scroll of magic mapping {unknown}
 d - a scroll of immolation {unknown}
 f - 3 scrolls of identify {unknown}
Potions
 b - 3 potions of curing {unknown}
 g - a potion of attraction {unknown}
 h - a potion of mutation {unknown}
 i - a potion of brilliance {unknown}
 j - a potion of haste {unknown}


   Skills:
 + Level 0.1 Fighting
 + Level 0.3 Short Blades
 + Level 1.8 Dodging
 + Level 1.8 Stealth
 + Level 2.3 Spellcasting
 + Level 4.2 Ice Magic


You had 5 spell levels left.
You knew the following spells:

 Your Spells              Type           Power        Failure   Level
a - Freeze                Ice            64%          3%          1

Your spell library contained the following spells:

 Spells                   Type           Power        Failure   Level
 Frozen Ramparts          Ice            32%          10%         3
 Ozocubu's Armour         Ice            16%          10%         3
 Hailstorm                Conj/Ice       9%           61%         4
 Summon Ice Beast         Ice/Summ       9%           61%         4


Dungeon Overview and Level Annotations

Branches:
Dungeon (2/15)

Altars:


Innate Abilities, Weirdness & Mutations

You have a pair of small horns on your head.
You sometimes gain a little power by taking damage.


Message History

The rat bites you.
* * * LOW HITPOINT WARNING * * *
The rat bites you but does no damage. The rat barely misses you.
The rat closely misses you. The rat barely misses you.
The rat closely misses you. The rat closely misses you. The rat bites you.
* * * LOW HITPOINT WARNING * * *
The rat bites you but does no damage. The rat bites you.
* * * LOW HITPOINT WARNING * * *
The rat misses you. The rat barely misses you. The rat barely misses you.
The rat bites you but does no damage. The rat bites you but does no damage.
The rat misses you. The rat closely misses you. The rat barely misses you.
The rat closely misses you. The rat bites you but does no damage.
The rat closely misses you.
The rat twitches its whiskers.
The rat bites you but does no damage. The rat closely misses you.
The rat closely misses you. The rat bites you but does no damage.
The rat barely misses you. The rat barely misses you.
The rat bites you but does no damage. The rat barely misses you.
The rat barely misses you. The rat bites you.
* * * LOW HITPOINT WARNING * * *
The rat completely misses you.
The rat twitches its whiskers.
The rat bites you.
You die...

#....$.....# #.......
#............ #...^...
#.......>..#.# #.......
######......... #..##.......
..[...#........##...........
..........................).
.......).##.#######.........
......##.##r# ##.#....... ......
#.).@# #.......... ......
####.######.......... #####
##.........##.###..
######........#.#...####
##...................#
######..###...............#
##...#...###...............#
##.........##..........##...####
#...........#..........##.......


You could see a rat.

Vanquished Creatures
  A dart slug (D:1)
  A leopard gecko (D:1)
  A giant cockroach (D:1)
  2 goblins (D:1)
  A hobgoblin (D:1)
  3 jackals (D:1)
  7 kobolds
  A ball python (D:2)
  4 bats
  2 rats (D:1)
23 creatures vanquished.

Notes
Turn   | Place    | Note
-------+----------+-------------------------------------------
     0 | D:1      | Atlas the Demonspawn Ice Elementalist began the quest for
                  | the Orb.
     0 | D:1      | Reached XP level 1. HP: 13/13 MP: 3/3
   233 | D:1      | Reached skill level 4 in Ice Magic
   362 | D:1      | Gained mutation: You sometimes gain a little power by
                  | taking damage. [demonic ancestry]
   362 | D:1      | Reached XP level 2. HP: 18/19 MP: 1/5
   485 | D:1      | You fall into a shaft and drop 1 floor!
  1115 | D:1      | Gained mutation: You have a pair of small horns on your
                  | head. [demonic ancestry]
  1115 | D:1      | Reached XP level 3. HP: 19/24 MP: 0/6
  1183 | D:1      | Slain by a rat

Illustrated notes

Levels and vault maps discovered:
D:1:      dpeg_arrival_court, layout_rooms
D:2:      minmay_roachtagon, layout_basic, uniq_jessica

Skill      XL: |  1 |
---------------+----+-----
Ice Magic      | 4 |  4.2
Fighting       | |  0.1
Short Blades   | |  0.3
Dodging        | |  1.8
Stealth        | |  1.8
Spellcasting   | |  2.3

Action                   || total
-------------------------++-------
Melee: Short sword       ||    11
       Dagger            ||     3
 Cast: Freeze            ||    31
 Stab: Sleeping          ||     1
Armor: Robe              ||    11
Dodge: Dodged            ||    62

Table legend: (Time is in decaauts)
 A = Elapsed time spent in this place.
 B = Non-inter-level travel time spent in this place.
 C = Inter-level travel time spent in this place.
 D = Time resting spent in this place.
 E = Time spent auto-exploring this place.
 F = Levels seen in this place.
 G = Mean time per level.
                   A        B        C        D        E       F      G
               +--------+--------+--------+--------+--------+-----+--------+
         Total |   1178 |   1146 |     32 |     37 |    884 |   2 |  589.0 |
       Dungeon |   1178 |   1146 |     32 |     37 |    884 |   2 |  589.0 |
               +--------+--------+--------+--------+--------+-----+--------+

Top non-repeatable levels by time:
     D:1: 1012 daAuts
     D:2: 165 daAuts
